 Dungeon Crawl Stone Soup version 0.20-a0-739-g6bb112f (webtiles) character file.

36 Nigilith the Slasher (level 3, -14/29 HPs)
             Began as a Demonspawn Fighter on Feb 24, 2017.
             Demolished by a gnoll
             ... wielding a +0 halberd
              (19 damage)
             ... on level 2 of the Dungeon.
             The game lasted 00:02:34 (1264 turns).

Nigilith the Slasher (Demonspawn Fighter)           Turns: 1264, Time: 00:02:34

Health: -14/29     AC:  6    Str: 17    XL:     3   Next: 19%
Magic:  0/3        EV:  8    Int:  9    God:
Gold:   182        SH:  8    Dex: 12    Spells: 2/2 levels left

rFire    . . .     SeeInvis .   a - +0 long sword
rCold    . . .     Gourm    .   b - +0 scale mail
rNeg     . . .     Faith    .   c - +0 shield
rPois    .         Spirit   +   (no helmet)
rElec    .         Reflect  .   (no cloak)
rCorr    .         Harm     .   (no gloves)
MR       .....                  (no boots)
Stlth    ..........             h - amulet of guardian spirit
Regen    0.1/turn               (no ring)
MPRegen  0.1/turn               (no ring)

@: no status effects
A: repulsion field 1, powered by death 1
a: no special abilities


You were on level 2 of the Dungeon.
You were not hungry.

You visited 1 branch of the dungeon, and saw 2 of its levels.

You collected 182 gold pieces.

Inventory:

Hand Weapons
 a - a +0 long sword (weapon)
Armour
 b - a +0 scale mail (worn)
 c - a +0 shield (worn)
 j - a -2 chain mail
Jewellery
 h - an amulet of guardian spirit (around neck)
Scrolls
 g - a scroll of recharging {unknown}
 i - 5 scrolls of teleportation {unknown}
 k - a scroll of identify {unknown}
 l - a scroll of fear {unknown}
 m - a scroll of magic mapping {unknown}
Potions
 d - a potion of might
 e - a potion of lignification {unknown}
 o - 2 potions of haste {unknown}
 p - a potion of heal wounds {unknown}
 q - a potion of flight {unknown}
Comestibles
 f - 2 bread rations
 n - a royal jelly


   Skills:
 - Level 3.0 Fighting
 + Level 3.3 Long Blades
 - Level 2.6 Armour
 - Level 2.6 Shields


You had 2 spell levels left.
You didn't know any spells.

Dungeon Overview and Level Annotations

Branches:
Dungeon (2/15)

Altars:


Innate Abilities, Weirdness & Mutations

You are surrounded by a mild repulsion field. (EV +2)
You regenerate a little health from kills.


Message History

The gnoll hits you. The gnoll hits you but does no damage.
You hit the jackal.
You kill the jackal!
The jackal bites you. You block the gnoll's attack.
You block the kobold's attack.
The jackal bites you but does no damage.
The gnoll completely misses you. The gnoll hits you.
The gnoll hits you but does no damage. The jackal closely misses you.
You closely miss the kobold.
The jackal bites you but does no damage.
The gnoll drinks a potion.
The gnoll seems to grow stronger.
The kobold hits you but does no damage.
The jackal bites you but does no damage.
The gnoll barely misses you. The gnoll hits you but does no damage.
The gnoll hits you from afar with a vampiric halberd!
* * * LOW HITPOINT WARNING * * *
The jackal bites you but does no damage.
The gnoll hits you from afar with a halberd!!
Ouch! That really hurt!
You die...

. #.... #...#... #....
. #...#.. #.... ..
#...#.. #.... ...
#<.... ...### .$##.K.#
##### .hgggg####
#hKg...#########
#h@............#
#..............###
#...........((...##
.....#.###......#..(#.
####>...............'.
#.#.###....###...#.
###.# #....# #...#.
#.# #....# #...#. #.#
#.... #####.


You could see 4 gnolls, 3 jackals, a goblin and 2 kobolds.

Vanquished Creatures
  A worm (D:2)
  A dart slug (D:1)
  A leopard gecko (D:1)
  5 bats
  A giant cockroach (D:1)
  5 goblins
  4 jackals
  4 frilled lizards
  5 kobolds
  3 rats
  A fungus (D:1)
31 creatures vanquished.

Notes
Turn   | Place    | Note
-------+----------+-------------------------------------------
     0 | D:1      | Nigilith the Demonspawn Fighter began the quest for the Orb.
     0 | D:1      | Reached XP level 1. HP: 18/18 MP: 1/1
   456 | D:1      | Gained mutation: You are surrounded by a mild repulsion field. (EV +2) [demonic ancestry]
   456 | D:1      | Reached XP level 2. HP: 24/24 MP: 2/2
   947 | D:2      | Gained mutation: You regenerate a little health from kills. [demonic ancestry]
   947 | D:2      | Reached XP level 3. HP: 16/29 MP: 3/3
  1264 | D:2      | Demolished by a gnoll

Vault maps used:
D:1:      lemuel_arrival_funnel, minmay_gold_behind_fungi, st_stairs_10,
          roderic_lattice_a

Skill      XL: |  1  2 |
---------------+-------+-----
Long Blades    | 2 3 |  3.3
Fighting       | |  3.0
Armour         | |  2.6
Shields        | |  2.6

Action                   || total
-------------------------++-------
Melee: Long sword        ||   100
  Use: Scroll            ||     2
  Eat: Chunk             ||     1
Armor: Scale mail        ||    56
       Chain mail        ||     1
Dodge: Dodged            ||    36
Block: Shield            ||    57
       Rpst.: Long sword ||    13
